 Dungeon Crawl Stone Soup version 0.26-a0-1053-gaff5f71418 (webtiles) character file.

Game seed: 13384679380081423425

8663 belegose the Covert (level 11, -16/90 HPs)
             Began as a Naga Conjurer on Dec 12, 2020.
             Was a High Priest of Cheibriados.
             Demolished by a two-headed ogre
             ... wielding a +0 dire flail
              (26 damage)
             ... on level 10 of the Dungeon on Dec 13, 2020.
             The game lasted 00:59:18 (14033 turns).

belegose the Covert (Naga Conjurer)                Turns: 14033, Time: 00:59:18

Health: -16/90     AC: 12    Str: 24    XL:     11   Next: 34%
Magic:  19/22      EV:  8    Int: 30    God:    Cheibriados [*****.]
Gold:   506        SH:  5    Dex: 20    Spells: 22/25 levels left

rFire    + + .     SeeInvis +   a - +1 dagger (venom)
rCold    x x .     Faith    .   E - +0 buckler
rNeg     . . .     Spirit   .   R - +1 robe {Archmagi}
rPois    +         Reflect  .   s - +0 helmet
rElec    .         Harm     .   H - +0 cloak
rCorr    .         Rampage  .   O - +0 pair of gloves
Will     +....                  f - +0 barding
Stlth    +++++.....             l - amulet of regeneration
HPRegen  0.65/turn              K - ring of fire
MPRegen  0.18/turn              G - ring of fire

@: studying Long Blades, very slow
A: large, see invisible, deformed body, poison resistance, slowness 2, spit
poison 1, AC +3
a: Spit Poison, Bend Time, Temporal Distortion, Slouch, Step From Time, Renounce
Religion


You were on level 10 of the Dungeon.
You worshipped Cheibriados.
Cheibriados was extremely pleased with you.
You visited 2 branches of the dungeon, and saw 11 of its levels.

You collected 690 gold pieces.
You spent 184 gold pieces at shops.

Inventory:

Hand Weapons
 a - a +1 dagger of venom (weapon)
 b - a +1 scimitar of holy wrath
 S - a +4 dagger of electrocution
Missiles
 c - 26 poisoned darts (quivered)
 e - 16 boomerangs
 y - 310 stones
 D - 2 javelins
Armour
 f - a +0 barding (worn)
 s - a +0 helmet (worn)
 E - a +0 buckler (worn)
 H - a +0 cloak (worn)
 O - a +0 pair of gloves (worn)
 Q - a +2 robe of fire resistance
 R - a +1 robe of the Archmagi (worn)
Jewellery
 l - an amulet of regeneration (around neck)
 G - a ring of fire (right hand)
 K - a ring of fire (left hand)
Wands
 d - a wand of flame (17)
 o - a wand of polymorph (24)
 r - a wand of digging (3)
 z - a wand of acid (11)
 B - a wand of iceblast (13)
Scrolls
 h - 2 scrolls of random uselessness {unknown}
 i - 6 scrolls of teleportation {unknown}
 j - 11 scrolls of identify
 n - 11 scrolls of remove curse
 p - 2 scrolls of blinking {unknown}
 q - 4 scrolls of amnesia {unknown}
 t - 4 scrolls of fog {unknown}
 u - 2 scrolls of enchant armour {unknown}
 v - a scroll of noise {unknown}
 w - 4 scrolls of immolation {unknown}
 J - 3 scrolls of magic mapping {unknown}
 N - a scroll of enchant weapon {unknown}
Potions
 g - 2 potions of lignification {unknown}
 k - 5 potions of curing
 m - 3 potions of heal wounds {unknown}
 x - 3 potions of brilliance {unknown}
 A - a potion of flight {unknown}
 C - 3 potions of attraction {unknown}
 I - 2 potions of invisibility {unknown}
 L - a potion of berserk rage {unknown}
 M - a potion of experience {unknown}
 P - a potion of cancellation {unknown}
 T - a potion of mutation {unknown}
 U - 2 potions of haste {unknown}
Books
 F - a manual of Long Blades


   Skills:
 - Level 3.3 Fighting
 - Level 4.0(6.7) Short Blades
 + Level 8.3(8.8) Long Blades
 - Level 1.5 Dodging
 + Level 12.4 Stealth
 - Level 2.4 Shields
 + Level 7.6 Spellcasting
 + Level 9.0 Conjurations
 + Level 6.1 Invocations


You had 22 spell levels left.
You knew the following spells:

 Your Spells              Type           Power        Failure   Level
a - Magic Dart            Conj           ####         1%          1
b - Searing Ray           Conj           ######       1%          2

Your spell library contained the following spells:

 Spells                   Type           Power        Failure   Level
 Dazzling Flash           Conj/Hex       ######       1%          3
 Corpse Rot               Necr/Air       N/A          7%          2
 Sublimation of Blood     Necr           ###.......   7%          2
 Fulminant Prism          Conj/Hex       ######....   7%          4
 Iskenderun's Mystic Bla  Conj/Tloc      ######..     7%          4
 Dispel Undead            Necr           ###.....     41%         4
 Agony                    Necr           ###.....     77%         5
 Excruciating Wounds      Necr           ###.......   77%         5


Dungeon Overview and Level Annotations

Branches:
Dungeon (10/15)            Temple (1/1) D:6             Orc (0/2) D:10
   Lair: D:8-11

Altars:
Ashenzari
Cheibriados
Elyvilon
Makhleb
Nemelex Xobeh
Okawaru
Qazlal
Ru
Sif Muna
Trog
Uskayaw
Vehumet
Wu Jian
Xom
Yredelemnul
Zin

Shops:
D:4 (   D:5 [([=

Annotations:
D:3 2 transporters, Dittersdorf's ghost, amateur GrFi
D:6 3 runed translucent doors, exclusion: downstairs, GreatCaesar's ghost, novice SpIE
D:7 3 exclusions, Joseph
D:8 exclusion: upstairs
D:9 exclusion: door


Innate Abilities, Weirdness & Mutations

You cannot wear boots.
Your serpentine skin is tough. (AC +3)
You have supernaturally acute eyesight. (SInv)
Armour fits poorly on your strangely shaped body.
Your system is resistant to poisons. (rPois)
You cover ground very slowly.
You can spit poison.


Message History

Casting: Magic Dart (safe; 1% risk of failure)
Confirm with . or Enter, or press ? or * to list all spells.
Aiming: Searing Ray (safe; 1% risk of failure)
Press: ? - help, Shift-Dir - straight line, f - yak
Aim: a yak (10% to evade)
You feel a surge of power!
The searing ray hits the two-headed ogre!
The two-headed ogre is moderately wounded.
The searing ray hits the yak!
The yak is moderately wounded. (Press . to maintain the ray.)
The two-headed ogre hits you with a +0 dire flail!
The two-headed ogre hits you with a +0 giant club!!
* * * LOW HITPOINT WARNING * * *
Unknown command.
The searing ray hits the two-headed ogre!
The two-headed ogre is heavily wounded.
The searing ray misses the yak.
The two-headed ogre hits you with a +0 dire flail!!
You die...

# # #
############# #
#...........######
#.######..........
#.#......##..#####
#.#..##..##.......
#@#...#..##.......
#O#.###.>.........
#YYY....#.........
###.Y.....###.....
#..Y....# .....
##.....## #####
#.....# #.....#
#.....#


You could see a two-headed ogre and 2 yaks.

Vanquished Creatures
  Erolcha (D:10)
  An unseen horror (D:10)
  4 molten gargoyles (D:10)
  A harpy zombie (D:9)
  Prince Ribbit (D:9)
  A hornet (D:7)
  A wyvern (D:6)
  Menkaure (D:4)
  A steam dragon (D:6)
  A water moccasin (D:10)
  Duvessa (D:7)
  3 orc warriors
  2 black bears
  An eye of draining (D:9)
  5 ogres
  A necrophage (D:7)
  2 sky beasts
  An ice beast (D:9)
  2 phantoms
  A wolf (D:9)
  7 centaurs
  A big kobold (D:8)
  4 lemures (D:8)
  7 bullfrogs
  A wyvern zombie (D:6)
  Dowan (D:7)
  10 killer bees
  3 howler monkeys
  A bullfrog zombie (D:6)
  A crimson imp (D:5)
  2 quasits
  3 hounds
  2 gnoll shamans
  Crazy Yiuf (D:2)
  2 centaur skeletons
  8 orc priests
  2 bullfrog skeletons
  3 iguanas
  6 orc wizards
  3 worker ants
  A killer bee zombie (D:9)
  3 hound zombies
  5 hound skeletons
  2 worker ant zombies
  Robin (D:2)
  16 gnolls
  A howler monkey skeleton (D:7)
  16 adders
  2 shadow imps
  4 white imps
  An ufetubus (D:5)
  An ooze (D:2)
  An adder skeleton (D:5)
  An adder zombie (D:4)
  3 worms
  5 leopard geckos
  34 orcs
  A ball python (D:3)
  3 giant cockroaches
  9 goblins
  14 hobgoblins
  13 jackals
  11 kobolds
  3 quokkas
  A ball python skeleton (D:4)
  12 bats
  5 frilled lizards
  A quokka skeleton (D:7)
  A quokka zombie (D:7)
  3 rats
274 creatures vanquished.

Vanquished Creatures (others)
  5 fungi
  24 plants
29 creatures vanquished.

Grand Total: 303 creatures vanquished

Notes
Turn   | Place    | Note
-------+----------+-------------------------------------------
     0 | D:1      | belegose the Naga Conjurer began the quest for the Orb.
     0 | D:1      | Reached XP level 1. HP: 15/15 MP: 3/3
   347 | D:1      | Reached XP level 2. HP: 21/24 MP: 0/5
   919 | D:1      | Reached skill level 1 in Fighting
  1375 | D:1      | Reached XP level 3. HP: 26/31 MP: 3/6
  1453 | D:2      | Reached skill level 4 in Stealth
  1804 | D:2      | Reached XP level 4. HP: 24/38 MP: 2/7
  2407 | D:1      | Reached XP level 5. HP: 43/45 MP: 6/9
  2626 | D:2      | Found a runed translucent door.
  2627 | D:2      | Noticed Crazy Yiuf
  2660 | D:2      | Noticed Robin
  2721 | D:2      | Killed Robin
  3295 | D:3      | Found a transporter.
  3299 | D:3      | Noticed Dittersdorf's ghost (amateur GrFi)
  3419 | D:3      | Found a transporter.
  3519 | D:3      | Reached skill level 5 in Stealth
  3842 | D:3      | Learned a level 2 spell: Searing Ray
  4107 | D:4      | Noticed an ogre
  4114 | D:4      | Killed an ogre
  4115 | D:4      | Reached skill level 1 in Short Blades
  4115 | D:4      | Reached skill level 5 in Conjurations
  4115 | D:4      | Reached XP level 6. HP: 28/52 MP: 4/11
  4381 | D:4      | Found Cegitulu's Weapon Boutique.
  4519 | D:4      | Bought a +1 scimitar of holy wrath for 184 gold pieces
  4561 | D:4      | Reached skill level 6 in Stealth
  4693 | D:4      | Reached XP level 7. HP: 53/60 MP: 8/12
  4797 | D:4      | Noticed Menkaure
  5062 | D:5      | Entered Level 5 of the Dungeon
  5917 | D:5      | Found Puiwo's Jewellery Shop.
  5931 | D:5      | Reached skill level 7 in Stealth
  6011 | D:5      | Found Ceutsina's Weapon Shop.
  6046 | D:5      | Found Gusirpho's Antique Armour Boutique.
  6127 | D:5      | Reached XP level 8. HP: 67/67 MP: 3/14
  6611 | D:5      | Found Hukkeuk's Armour Shoppe.
  7057 | D:5      | Reached skill level 8 in Stealth
  7060 | D:5      | Found a burning altar of Makhleb.
  7483 | D:6      | Noticed a wyvern
  7493 | D:6      | Reached skill level 5 in Spellcasting
  7495 | D:6      | Reached skill level 1 in Shields
  7499 | D:6      | Killed a wyvern
  7719 | D:6      | Reached XP level 9. HP: 74/74 MP: 13/17
  7731 | D:6      | Reached skill level 9 in Stealth
  7736 | D:6      | Reached skill level 1 in Long Blades
  7974 | D:2      | Killed Crazy Yiuf
  8163 | D:4      | Killed Menkaure
  8255 | D:6      | Found a staircase to the Ecumenical Temple.
  8277 | Temple   | Entered the Ecumenical Temple
  8421 | Temple   | Became a worshipper of Cheibriados the Contemplative
  8542 | D:6      | Found a runed translucent gate.
  8543 | D:6      | Found a runed translucent gate.
  8544 | D:6      | Found a runed translucent gate.
  8546 | D:6      | Noticed GreatCaesar's ghost (novice SpIE)
  8548 | D:6      | Identified the +5 short sword "Tiutag" {pain, +Rage rPois
                  | Int+4 Stlth+}
  9008 | D:7      | Noticed Joseph
  9111 | D:7      | Reached * piety under Cheibriados
  9258 | D:7      | Reached skill level 1 in Invocations
  9887 | D:7      | Identified the ring "Jieschoo" {rPois Will+ Str+6 SInv}
 10027 | D:7      | Noticed a gargoyle
 10221 | D:7      | Noticed Duvessa
 10221 | D:7      | Noticed Dowan
 10261 | D:7      | Killed Dowan
 10261 | D:7      | Reached ** piety under Cheibriados
 10265 | D:7      | Killed Duvessa
 10266 | D:7      | Reached skill level 10 in Stealth
 10679 | D:7      | Noticed a hornet
 10685 | D:7      | Killed a hornet
 10686 | D:7      | Reached XP level 10. HP: 65/84 MP: 19/19
 10901 | D:8      | Reached skill level 5 in Long Blades
 11397 | D:8      | Reached *** piety under Cheibriados
 11576 | D:9      | Noticed Pikel
 11841 | D:9      | Paralysed by Pikel for 7 turns
 11849 | D:9      | Noticed Pikel
 11849 | D:9      | Pikel changed into Pikel the wolf
 11860 | D:9      | Killed Pikel the wolf
 12154 | D:9      | Reached skill level 11 in Stealth
 12375 | D:9      | Reached **** piety under Cheibriados
 12424 | D:9      | Noticed Prince Ribbit
 12436 | D:9      | Killed Prince Ribbit
 12743 | D:9      | Noticed a wizard
 12910 | D:10     | Entered Level 10 of the Dungeon
 12953 | D:10     | Noticed a two-headed ogre
 13106 | D:10     | Noticed a molten gargoyle
 13106 | D:10     | Noticed a molten gargoyle
 13112 | D:10     | Reached skill level 5 in Invocations
 13124 | D:10     | Killed a molten gargoyle
 13209 | D:10     | Noticed Erolcha
 13224 | D:10     | Killed Erolcha
 13225 | D:10     | Reached skill level 12 in Stealth
 13225 | D:10     | Reached XP level 11. HP: 69/90 MP: 15/21
 13672 | D:10     | Found a staircase to the Orcish Mines.
 13753 | D:10     | Reached ***** piety under Cheibriados
 13873 | D:10     | Noticed an unseen horror
 13892 | D:10     | Killed an unseen horror
 14033 | D:10     | Demolished by a two-headed ogre

Illustrated notes

Levels and vault maps discovered:
D:1:      dpeg_arrival_pond, layout_basic
D:2:      layout_basic, minmay_strange_pillars, uniq_robin,
          uniq_crazy_yiuf_cottage
D:3:      layout_basic, gammafunk_ghost_stat_death, amethyst_killhole
D:4:      layout_rooms, serial_shops, shop, uniq_menkaure
D:5:      layout_loops_corners, makhleb_grotto_becter, serial_shops, shop,
          nicolae_shop_behind_doors, shop, nicolae_shop_behind_doors,
          serial_bayou, serial_bayou_pond_e, serial_bayou_lagoon_b,
          serial_bayou_pond_b, serial_bayou_pond_e, serial_bayou_lake_a,
          serial_bayou_pond_a
D:6:      layout_rooms, temple_pool_b, gammafunk_ghost_nasty_kobolds,
          minmay_manual_monstrance
D:7:      layout_loops_ring, chequers_serial_rivers_small_b, nzn_random_ring,
          uniq_joseph, uniq_duvessa
D:8:      layout_rooms
D:9:      layout_cave_pools, laboratory, uniq_pikel, uniq_prince_ribbit1
D:10:     layout_basic, erik_lair_orcish_takeover, orc_0_dummy, minivault_11,
          minivault_8, uniq_erolcha
Temple:   roderic_octagonal_lattice_temple

Skill      XL: |  1  2  3  4  5  6  7  8  9 10 11 |
---------------+----------------------------------+-----
Fighting       | 1 2 3 |  3.3
Stealth        | 4 5 6 7 8 10 12 | 12.4
Spellcasting   | 3 4 5 6 7 |  7.6
Short Blades   | 1 2 3 4 |  4.0
Conjurations   | 5 6 7 8 9 |  9.0
Shields        | 1 2 |  2.4
Long Blades    | 4 7 8 |  8.3
Invocations    | 3 5 6 |  6.1
Dodging        | |  1.5

Action                   |  1- 3 |  4- 6 |  7- 9 | 10-12 || total
-------------------------+-------+-------+-------+-------++-------
Melee: Dagger            |    49 |    80 |    78 |   105 ||   312
       Scimitar          |       |     6 |   144 |   138 ||   288
       Trident           |       |       |    20 |       ||    20
Throw: Dart              |       |       |    16 |       ||    16
 Cast: Magic Dart        |    48 |   106 |   125 |   146 ||   425
       Searing Ray       |       |     1 |     8 |    10 ||    19
 Abil: Spit Poison       |     1 |     7 |    11 |     3 ||    22
Evoke: Wand              |       |       |     1 |     6 ||     7
  Use: Potion            |       |     1 |       |       ||     1
       Scroll            |       |       |     3 |       ||     3
 Stab: Sleeping          |       |     6 |     6 |     7 ||    19
       Paralysed         |       |       |       |     1 ||     1
Armor: Ring mail         |    12 |    44 |       |       ||    56
       Robe              |     1 |       |       |    82 ||    83
       Animal skin       |       |    27 |   149 |    61 ||   237
Dodge: Dodged            |    20 |    38 |   140 |    94 ||   292
Block: Buckler           |       |       |    24 |    65 ||    89
       Rpst.: Scimitar   |       |     1 |    22 |    16 ||    39

Table legend: (Time is in decaauts)
 A = Elapsed time spent in this place.
 B = Non-inter-level travel time spent in this place.
 C = Inter-level travel time spent in this place.
 D = Time resting spent in this place.
 E = Time spent auto-exploring this place.
 F = Levels seen in this place.
 G = Mean time per level.
                   A        B        C        D        E       F      G
               +--------+--------+--------+--------+--------+-----+--------+
         Total |  19358 |  17322 |   2036 |   4325 |   7897 |  11 | 1759.8 |
       Dungeon |  19133 |  17138 |   1995 |   4325 |   7715 |  10 | 1913.3 |
        Temple |    225 |    185 |     40 |      0 |    182 |   1 |  225.0 |
               +--------+--------+--------+--------+--------+-----+--------+

Top non-repeatable levels by time:
     D:7: 2215 daAuts
     D:4: 2200 daAuts
     D:5: 2127 daAuts
     D:9: 2035 daAuts
     D:6: 2034 daAuts
     D:1: 1881 daAuts
     D:2: 1843 daAuts
     D:8: 1816 daAuts
    D:10: 1504 daAuts
     D:3: 1474 daAuts
  Temple: 225 daAuts
